 Dungeon Crawl Stone Soup version 0.17-a0-1164-g0ba867e (webtiles) character file.

113 KlotserJr the Grasshopper (level 4, 0/22 HPs)
             Began as a Spriggan Warper on May 28, 2015.
             Succumbed to an adder's poison
             ... on level 2 of the Dungeon.
             The game lasted 00:11:16 (2643 turns).

KlotserJr the Grasshopper (Spriggan Warper)         Turns: 2643, Time: 00:11:16

Health: 0/22       AC:  2    Str:  8    XL:     4   Next: 65%
Magic:  10/10      EV: 19    Int: 14    God:
Gold:   67         SH:  0    Dex: 15    Spells: 4 memorised, 1 level left

rFire  . . .     SeeInvis +     a - +0 short sword
rCold  . . .     Clarity  .     b - +0 robe
rNeg   . . .     SustAt   .     (shield restricted)
rPois  .         Gourm    .     (helmet restricted)
rElec  .         Spirit   .     (no cloak)
rCorr  .         Warding  .     (gloves unavailable)
rMut   .         Stasis   .     (boots unavailable)
MR     .....                    (no amulet)
Stlth  ++........               (no ring)
                                (no ring)

@: lethally poisoned (0 -> -2), very quick, not resistant to hostile
enchantments, unstealthy
A: unfitting armour, see invisible, herbivore 3, speed 3, slow metabolism 2
a: no special abilities


You were on level 2 of the Dungeon.
You were very full.

You visited 1 branch of the dungeon, and saw 2 of its levels.

You collected 67 gold pieces.

Inventory:

Hand weapons
 a - a +0 short sword (weapon)
 g - a +0 dagger
 j - a +0 dagger
 p - a +0 short sword
 w - a +0 short sword
Missiles
 e - 5 tomahawks of dispersal (quivered)
Armour
 b - a +0 robe (worn)
 r - a +0 robe
Magical devices
 q - a wand of confusion (16)
 t - a wand of digging (0)
Scrolls
 d - a scroll of blinking
 h - a scroll of teleportation {unknown}
 i - a scroll of enchant armour {unknown}
 n - a scroll of amnesia {unknown}
 o - 2 scrolls of identify {unknown}
 u - 2 scrolls of remove curse {unknown}
 v - a scroll of fear {unknown}
Potions
 k - a potion of beneficial mutation {unknown}
 l - a potion of haste {unknown}
 s - a potion of mutation {unknown}
Books
 c - a book of Spatial Translocations

   Spells                             Type                      Level
   a - Apportation                    Translocation                1
   b - Blink                          Translocation                2
   c - Shroud of Golubria             Charms/Translocation         2
   d - Portal Projectile              Translocation                3
   e - Teleport Other                 Translocation                3
   f - Passage of Golubria            Translocation                4
 m - a book of the Tempests

   Spells                             Type                      Level
   a - Static Discharge               Conjuration/Air              3
   b - Lightning Bolt                 Conjuration/Air              5
   c - Fireball                       Conjuration/Fire             5
   d - Tornado                        Air                          9
   e - Shatter                        Earth                        9
Comestibles
 f - a bread ration


   Skills:
 - Level 1.5 Fighting
 * Level 3.9 Short Blades
 - Level 1.1 Throwing
 + Level 4.4 Dodging
 + Level 2.5 Stealth
 + Level 3.4 Spellcasting
 - Level 4.5 Translocations


You had one spell level left.
You knew the following spells:

 Your Spells              Type           Power        Failure   Level  Hunger
a - Apportation           Tloc           ###.......   3%          1    #......
b - Shroud of Golubria    Chrm/Tloc      #.........   14%         2    ##.....
c - Blink                 Tloc           N/A          6%          2    ##.....
d - Static Discharge      Conj/Air       #.......     73%         3    ###....


Dungeon Overview and Level Annotations

Branches:
Dungeon (2/15)

Altars:

Annotations:
D:2 Jessica


Innate Abilities, Weirdness & Mutations

You are tiny and cannot use many weapons and most armour.
You have supernaturally acute eyesight.
You are a herbivore.
You cover ground extremely quickly.
You need consume almost no food.


Message History

You see here a stone.
* * * LOW HITPOINT WARNING * * *
You feel sick.
There is an open door here.
* * * LOW HITPOINT WARNING * * *
You feel sick.
* * * LOW HITPOINT WARNING * * *
You feel sick.
There is an open door here.
* * * LOW HITPOINT WARNING * * *
You feel sick.
A bat comes into view.
The bat moves out of view.
* * * LOW HITPOINT WARNING * * *
You feel sick.
Eat which item? (? for menu, Esc to quit)
You continue eating. x2
You finish eating.
That bread ration really hit the spot!
There is an open door here.
You die...

....###'###.#...#####.##.# #.#
...........<..#.# #....# #.#
#...#.#.##.####.#######.(# #.####
#...#.#.............# #..###....#
#.#.#.####.####.###.###......##.#
#.#.#.#..................###.##.#
#.#.#......##.......##...........
#.#.###.##.##.......##.#.#.#.####
..#.# #.##..#...@...##.#.#.....#
###.###.##..###'###.##.#.#...#.#
........##..###.# #.<#.#.#.#.#.#
###.######...##.###..#.#.#.#.#.#
.....................>....%..#.##
###.#......#.##..........#...#..#
....######.#.######.#..#...#.##†#
....................#..#.###.##.#
....######.##.#####.#..#.....##.#


There were no monsters in sight!

Vanquished Creatures
  Natasha (thrice) (D:2)
  4 adders (D:2)
  A worm (D:2)
  An orc (D:2)
  2 bats (D:1)
  4 hobgoblins
  6 jackals (D:2)
  7 kobolds
  A quokka (D:2)
  A ball python (D:2)
  A giant cockroach (D:2)
  3 giant newts (D:2)
  3 goblins
  4 rats
41 creatures vanquished.

Notes
Turn   | Place    | Note
--------------------------------------------------------------
     0 | D:1      | KlotserJr the Spriggan Warper began the quest for the Orb.
     0 | D:1      | Reached XP level 1. HP: 10/10 MP: 5/5
    97 | D:1      | You fall through a shaft!
   117 | D:1      | Reached skill level 1 in Stealth
   221 | D:1      | Reached XP level 2. HP: 14/14 MP: 6/6
   225 | D:1      | Learned a level 2 spell: Shroud of Golubria
   228 | D:1      | Learned a level 2 spell: Blink
   885 | D:2      | Noticed Natasha
  1200 | D:2      | Reached XP level 3. HP: 9/18 MP: 8/8
  1412 | D:2      | Learned a level 3 spell: Static Discharge
  1470 | D:2      | Noticed Jessica
  1791 | D:2      | Killed Natasha
  1791 | D:2      | Reached XP level 4. HP: 12/22 MP: 9/9
  2092 | D:2      | Noticed Natasha
  2103 | D:2      | Killed Natasha
  2227 | D:2      | Noticed Natasha
  2234 | D:2      | Killed Natasha
  2638 | D:2      | HP: 1/22 [poisoned by an adder]
  2643 | D:2      | Succumbed to an adder's poison

Vault maps used:
D:1:      sevenhm_arrival_forest_fort_small_3, minivault_5, minmay_statues_item
D:2:      uniq_natasha, uniq_jessica

Action                   |  1- 3 |  4- 6 || total
-------------------------+-------+-------++-------
Melee: Short sword       |   139 |    74 ||   213
 Stab: Sleeping          |     6 |     2 ||     8
  Eat: Bread ration      |       |     1 ||     1
